 Dungeon Crawl Stone Soup version 0.29-a0-472-ge5599a681e (webtiles) character file.

Game seed: 11975085142697369719

4811 benadryl the Grappler (level 10, -10/100 HPs)
             Began as a Troll Artificer on May 22, 2022.
             Was an Initiate of Yredelemnul.
             Mangled by an orc knight
             ... wielding a +3 battleaxe
              (19 damage)
             ... in a bailey.
             The game lasted 00:15:16 (5848 turns).

benadryl the Grappler (Troll Artificer)             Turns: 5848, Time: 00:15:17

Health: -10/100    AC:  8    Str: 24    XL:     10   Next: 24%
Magic:  13/13      EV: 10    Int:  9    God:    Yredelemnul [......]
Gold:   480        SH:  0    Dex: 10    Spells: 7/14 levels left

rFire   + . .      SeeInvis .     - Unarmed
rCold   . . .      Faith    .   (no shield)
rNeg    . . .      Spirit   .   b - +1 robe
rPois   .          Reflect  .   (helmet restricted)
rElec   .          Harm     .   f - +2 cloak {rCorr}
rCorr   +          Rampage  .   (gloves unavailable)
Will    +....                   (boots unavailable)
Stlth   +.........              (no amulet)
HPRegen 1.06/turn               p - ring of protection from fire
MPRegen 0.13/turn               n - ring of willpower

@: flying, studying Summonings
A: large, unfitting armour, claws 3, regeneration 1, shaggy fur 1, tough skin 1
a: Renounce Religion, Recall Undead Harvest


You were in a bailey.
You worshipped Yredelemnul.
Yredelemnul was noncommittal.
You visited 1 branch of the dungeon, and saw 8 of its levels.
You also visited: Bailey.

You collected 480 gold pieces.

Inventory:

Hand Weapons
 a - a +3 hunting sling of flaming
Armour
 b - a +1 robe (worn)
 f - a +2 cloak of preservation (worn)
 r - an orb of mayhem
Jewellery
 g - an amulet of guardian spirit
 l - a ring of fire
 n - a ring of willpower (right claw)
 p - a ring of protection from fire (left claw)
 y - a ring of protection from cold
Wands
 c - a wand of flame (15) (quivered)
 d - a wand of charming (12)
 e - a wand of iceblast (8)
Scrolls
 h - 2 scrolls of brand weapon
 i - a scroll of magic mapping
 j - a scroll of acquirement
 m - a scroll of noise
 o - a scroll of enchant armour
 u - 3 scrolls of teleportation
 x - 3 scrolls of fog
Potions
 k - 7 potions of curing {@q1}
 q - a potion of attraction
 w - a potion of might {unknown}
 z - a potion of ambrosia {unknown}
 A - 2 potions of mutation
 D - a potion of flight


   Skills:
 + Level 6.4 Fighting
 - Level 1.9 Dodging
 - Level 0.3 Stealth
 + Level 9.9 Unarmed Combat
 + Level 2.8 Spellcasting
 * Level 7.4 Summonings
 - Level 2.1 Evocations


You had 7 spell levels left.
You knew the following spells:

 Your Spells              Type           Power      Damage    Failure   Level
a - Summon Hydra          Summ           7%         N/A       100%        7

Your spell library contained the following spells:

 Spells                   Type           Power      Damage    Failure   Level
 Foxfire                  Conj/Fire      4%         2x1d4     30%         1
 Sting                    Tmut/Pois      4%         1d3       30%         1
 Poisonous Vapours        Pois/Air       2%         N/A       43%         2
 Scorch                   Fire           2%         2d5       43%         2
 Conjure Flame            Conj/Fire      1%         6-21      67%         3
 Dazzling Flash           Conj/Hex       2%         N/A       67%         3
 Inner Flame              Hex/Fire       1%         N/A       67%         3
 Summon Forest            Summ/Tloc      3%         N/A       88%         5
 Summon Cactus Giant      Summ           7%         N/A       92%         6
 Flame Wave               Conj/Fire      1%         2d4       97%         4
 Iskenderun's Mystic Bla  Conj/Tloc      1%         2d3       97%         4
 Olgreb's Toxic Radiance  Pois           1%         N/A       97%         4
 Eringya's Noxious Bog    Tmut/Pois      0%         N/A       100%        6
 Starburst                Conj/Fire      0%         6d3       100%        6


Dungeon Overview and Level Annotations

Branches:
Dungeon (8/15)             Temple (0/1) D:4          Bailey (1/1)
   Lair: D:8-11

Altars:
Yredelemnul

Shops:
D:2 *   D:4 (

Annotations:
D:7 exclusion: door


Innate Abilities, Weirdness & Mutations

You are too large for most types of armour.
You have claws for hands.
Your natural rate of healing is unusually fast.
You are covered in fur. (AC +1)
You have tough skin. (AC +1)


Message History

You open the gate.
There is an open gate here.
Things that are here:
a +0 hand axe; a +0 leather armour The orc knight shouts!
The orc knight hits you with a +3 battleaxe!!
There is an open door, spattered with blood here.
Aiming: Throw Flame
Press: ? - help, Shift-Dir - straight line, f - orc knight
Aim: an orc knight, wielding a +3 battleaxe and wearing a +0 plate armour (heavily wounded, 71% to hit)
The puff of flame hits the orc knight.
The orc knight is heavily wounded.
The orc knight hits you with a +3 battleaxe!!
Aiming: Throw Flame
Press: ? - help, Q - select action, (/) - cycle Shift-Dir - straight line, f/p - orc knight
Aim: an orc knight, wielding a +3 battleaxe and wearing a +0 plate armour (heavily wounded, 71% to hit)
The puff of flame misses the orc knight.
The orc knight barely misses you.
The orc knight attacks as you move away!
The orc knight hits you with a +3 battleaxe!
The orc knight attacks as you move away!
The orc knight hits you with a +3 battleaxe.
Aiming: Throw Flame
Press: ? - help, Q - select action, (/) - cycle Shift-Dir - straight line, f/p - orc knight
Aim: an orc knight, wielding a +3 battleaxe and wearing a +0 plate armour (heavily wounded, 71% to hit)
The puff of flame hits the orc knight but does no damage.
The orc knight is heavily wounded.
The orc knight hits you with a +3 battleaxe.
* * * LOW HITPOINT WARNING * * *
It was a potion of flight.
You feel very buoyant.
You fly up into the air.
The orc knight hits you with a +3 battleaxe!!
* * * LOW HITPOINT WARNING * * *
The air fills with toxic fumes!
As you read the scroll labelled WOSCHI BIOTTOE, it crumbles to dust.
It was a scroll of poison.
The orc knight hits you with a +3 battleaxe!!
You die...
Your body rises from the dead as a mindless zombie.

#...........#....
#...§§§§...)'))).
#.))§§§§...)#)...
#..§§§§§....#)...
#..§§§......#.... ♣♣ ♣♣♣
###§§§......###...
♣♣.♣♣.♣♣ ###§#§#.....###
###.
♣......♣♣###§§§o§###.###
##
♣♣......##§§§§@§§§§###
♣.......#§§§§§§§§§§§#
♣......§§§§§§§§§§§§§#
♣♣..∩.∩.§§§§§§§§§§§§§#
♣......)§§§§§§§§§§§§§#
♣♣......§#§§§§§§§§§§§#
♣.......##§§§§§§§§§##
♣......♣♣###§§§§§###
♣♣..♣.♣♣ ###.#+#


You could see an orc knight.

Vanquished Creatures
  A deep elf pyromancer (D:7)
  A slime creature (D:7)
  A basilisk (D:7)
  3 water moccasins
  A hornet zombie (D:7)
  5 orc warriors (Bailey)
  2 sky beasts (D:7)
  3 ice beasts
  A centaur (D:7)
  2 phantoms
  A kobold brigand (D:7)
  A gnoll sergeant (D:5)
  3 necrophages
  2 wyvern zombies (D:7)
  A bullfrog (D:4)
  3 scorpions
  3 wights (D:7)
  4 killer bees (D:8)
  2 centaur zombies (D:7)
  2 bullfrog zombies (D:7)
  8 hounds
  An orc priest (D:5)
  2 gnoll shamans (D:5)
  2 jellies
  Crazy Yiuf (D:4)
  2 iguanas
  Jessica (D:2)
  Terence (D:3)
  An orc wizard (D:5)
  Robin (D:2)
  9 gnolls
  6 adders
  3 ufetubi
  3 worms
  2 dart slugs
  7 orcs
  6 ball pythons
  4 endoplasms
  A giant cockroach (D:2)
  21 goblins
  8 hobgoblins
  12 kobolds
  3 quokkas
  4 bats
  6 rats
157 creatures vanquished.

Vanquished Creatures (collateral kills)
  2 orc warriors (Bailey)
  A centaur (D:5)
  A bullfrog (D:6)
  2 necrophages (D:5)
  2 hounds (D:5)
  A gnoll (D:8)
  A white imp (D:5)
  5 orcs
  4 goblins
  2 hobgoblins
  2 quokkas (D:5)
  A rat (D:3)
24 creatures vanquished.

Vanquished Creatures (others)
  A water moccasin zombie (D:7)
  A spectral ice beast (D:5)
  A scorpion zombie (D:5)
  A sky beast zombie (D:7)
  2 hound zombies (D:5)
  A spectral jelly (D:8)
  A gnoll (Bailey)
  7 gnoll zombies
  2 goblin zombies
  2 hobgoblin zombies (Bailey)
  2 kobold zombies
  10 orc zombies
  A quokka zombie (D:5)
  A rat zombie (D:2)
  2 spectral ufetubi
35 creatures vanquished.

Grand Total: 216 creatures vanquished

Notes
Turn   | Place    | Note
-------+----------+-------------------------------------------
     0 | D:1      | benadryl the Troll Artificer began the quest for the Orb.
     0 | D:1      | Reached XP level 1. HP: 18/18 MP: 0/0
    23 | D:1      | You fall into a shaft and drop 1 floor!
    41 | D:2      | Reached skill level 1 in Fighting
    73 | D:2      | Reached skill level 1 in Unarmed Combat
   111 | D:2      | Reached XP level 2. HP: 25/27 MP: 1/1
   153 | D:2      | Found a basalt altar of Yredelemnul.
   157 | D:2      | Reached skill level 2 in Unarmed Combat
   168 | D:2      | Reached XP level 3. HP: 20/33 MP: 2/2
   181 | D:2      | Became a worshipper of Yredelemnul the Dark
   201 | D:2      | Identified the +0 helmet of Dishonour {SInv}
   201 | D:2      | Noticed Robin
   204 | D:2      | Killed Robin
   210 | D:2      | Found Witzottaos's Assorted Antiques.
   379 | D:2      | Noticed Jessica
   418 | D:2      | Killed Jessica
   419 | D:2      | Reached skill level 3 in Unarmed Combat
   419 | D:2      | Reached XP level 4. HP: 11/42 MP: 3/3
   755 | D:1      | Reached * piety under Yredelemnul
   819 | D:1      | Reached ** piety under Yredelemnul
   944 | D:1      | Found a faded altar of an unknown god.
  1449 | D:3      | Noticed Terence
  1466 | D:3      | Killed Terence
  1467 | D:3      | Reached XP level 5. HP: 49/49 MP: 4/4
  1507 | D:3      | Reached skill level 4 in Unarmed Combat
  2179 | D:4      | Found Deyh's Weapon Emporium.
  2182 | D:4      | Reached XP level 6. HP: 59/59 MP: 5/5
  2197 | D:4      | Found a staircase to the Ecumenical Temple.
  2252 | D:4      | Found a runed translucent door.
  2253 | D:4      | Noticed Crazy Yiuf
  2264 | D:4      | Killed Crazy Yiuf
  2573 | D:4      | Reached skill level 5 in Unarmed Combat
  2810 | D:5      | Entered Level 5 of the Dungeon
  2917 | D:5      | Reached skill level 6 in Unarmed Combat
  2917 | D:5      | Reached XP level 7. HP: 46/67 MP: 6/6
  2999 | D:5      | Reached skill level 7 in Unarmed Combat
  3319 | D:5      | Reached XP level 8. HP: 79/79 MP: 7/7
  3343 | D:5      | Reached *** piety under Yredelemnul
  3344 | D:5      | Reached skill level 8 in Unarmed Combat
  3764 | D:6      | Identified a scroll of acquirement
  3773 | D:6      | Reached skill level 5 in Fighting
  3785 | D:6      | Learned a level 7 spell: Summon Hydra
  3785 | D:6      | Acquired a manual of Summonings
  3887 | D:6      | Reached skill level 1 in Summonings
  4281 | D:6      | Reached skill level 1 in Spellcasting
  4400 | D:7      | Reached XP level 9. HP: 88/88 MP: 9/9
  4614 | D:7      | Reached skill level 9 in Unarmed Combat
  4773 | D:7      | Noticed an eight-headed hydra
  4908 | D:7      | Reached skill level 5 in Summonings
  4948 | D:7      | Found a basalt altar of Yredelemnul.
  5114 | D:7      | Noticed a deep elf pyromancer
  5119 | D:7      | Killed a deep elf pyromancer
  5434 | D:8      | Reached XP level 10. HP: 89/90 MP: 12/12
  5493 | D:8      | Found a flagged portal.
  5558 | Bailey   | Entered a bailey
  5697 | Bailey   | Noticed an orc knight
  5848 | Bailey   | Mangled by an orc knight

Illustrated notes

Levels and vault maps discovered:
D:1:      heliophobic_arrival_battle_scene, layout_loops_ring,
          dreamdust_ecumenical_altar_statues
D:2:      layout_basic, basic_altar, serial_shops, nicolae_shop_trees,
          uniq_jessica, uniq_robin
D:3:      layout_loops_ring, minmay_misc_feat_columns, uniq_terence
D:4:      layout_basic, minmay_temple_entry_grid, serial_shops, shop,
          uniq_crazy_yiuf_cottage
D:5:      minmay_inner_zag, layout_basic, minmay_fractal_squares_5
D:6:      layout_loops_ring
D:7:      minmay_chambers_of_sixes, layout_loops_ring,
          nicolae_yredelemnul_corpse_copse, guppyfry_early_elven_hall
D:8:      layout_basic, lightli_bailey_entry_fortress,
          hellmonk_guarded_unrand_zhor
Bailey:   bailey_axe_minmay_hex_keep, bailey

Skill      XL: |  1  2  3  4  5  6  7  8  9 10 |
---------------+-------------------------------+-----
Fighting       | 1 2 3 4 5 6 |  6.4
Unarmed Combat | 1 2 3 4 6 7 8 9 |  9.9
Summonings     | 3 6 7 |  7.4
Spellcasting   | 1 2 |  2.8
Dodging        | |  1.9
Stealth        | |  0.3
Evocations     | |  2.1

Action                   |  1- 3 |  4- 6 |  7- 9 | 10-12 || total
-------------------------+-------+-------+-------+-------++-------
Melee: Unarmed           |    84 |   135 |   198 |    88 ||   505
       Punch             |     2 |       |     6 |     2 ||    10
 Fire: Hunting sling     |     3 |       |       |       ||     3
Invok: Recall Undead Har |       |       |     1 |       ||     1
       Dark Bargain      |       |       |     1 |       ||     1
Evoke: Wand              |     3 |     5 |       |    15 ||    23
  Use: Scroll            |       |     3 |    11 |     1 ||    15
       Potion            |       |     4 |       |     5 ||     9
 Stab: Sleeping          |       |     2 |     1 |       ||     3
       Invisible         |       |       |       |     2 ||     2
Armor: Robe              |    25 |    52 |    69 |    20 ||   166
Dodge: Dodged            |    50 |    55 |    91 |    46 ||   242

Table legend: (Time is in decaauts)
 A = Elapsed time spent in this place.
 B = Non-inter-level travel time spent in this place.
 C = Inter-level travel time spent in this place.
 D = Time resting spent in this place.
 E = Time spent auto-exploring this place.
 F = Levels seen in this place.
 G = Mean time per level.
                   A        B        C        D        E       F      G
               +--------+--------+--------+--------+--------+-----+--------+
         Total |   5813 |   5519 |    294 |    423 |   3779 |   9 |  645.9 |
       Dungeon |   5532 |   5238 |    294 |    328 |   3779 |   8 |  691.5 |
        Bailey |    280 |    280 |      0 |     95 |      0 |   1 |  280.0 |
               +--------+--------+--------+--------+--------+-----+--------+

Top non-repeatable levels by time:
     D:7: 999 daAuts
     D:5: 926 daAuts
     D:1: 739 daAuts
     D:4: 704 daAuts
     D:2: 681 daAuts
     D:3: 679 daAuts
     D:6: 597 daAuts
  Bailey: 280 daAuts
     D:8: 205 daAuts
